 Dungeon Crawl Stone Soup version 0.29.0-11-gd7f09526c8 (webtiles) character file.

Game seed: 14136251755333166935

173 RihmastoTheGreat the Trooper (level 5, 0/48 HPs)
             Began as a Minotaur Berserker on Sept 5, 2022.
             Was a Believer of Trog.
             Killed from afar by an orc wizard (4 damage)
             ... with a puff of flame
             ... on level 4 of the Dungeon.
             The game lasted 00:11:05 (4856 turns).

RihmastoTheGreat the Trooper (Minotaur Berserker)   Turns: 4856, Time: 00:11:06

Health: 0/48       AC:  6    Str: 24    XL:     5   Next: 28%
Magic:  4/4        EV:  8    Int:  4    God:    Trog [**....]
Gold:   124        SH:  0    Dex:  9    Spells: 4/4 levels left

rFire   . . .      SeeInvis .   a - +0 short sword
rCold   . . .      Faith    .   (no shield)
rNeg    . . .      Spirit   .   C - +0 chain mail
rPois   .          Reflect  .   (helmet unavailable)
rElec   .          Harm     .   y - +0 cloak
rCorr   .          Rampage  .   (no gloves)
Will    .....                   (no boots)
Stlth   ..........              (no amulet)
HPRegen 0.16/turn               (no ring)
MPRegen 0.09/turn               (no ring)

@: no status effects
A: horns 3, retaliatory headbutt, deformed body, inability to drink after injury
1
a: Renounce Religion, Berserk, Trog's Hand


You were on level 4 of the Dungeon.
You worshipped Trog.
Trog was pleased with you.
You visited 1 branch of the dungeon, and saw 4 of its levels.

You collected 124 gold pieces.

Inventory:

Hand Weapons
 a - a +0 short sword (weapon)
 u - a +0 flail
 w - a +0 hammer
 x - a +4 quarterstaff of chaos
Missiles
 i - 2 throwing nets (quivered)
Armour
 y - a +0 cloak (worn)
 C - a +0 chain mail (worn)
Jewellery
 d - a +6 ring of intelligence
 n - a +6 ring of strength
 p - a ring of ice
 s - a ring of magical power
Wands
 b - a wand of flame (6)
Scrolls
 c - a scroll of amnesia {unknown}
 e - a scroll of immolation {unknown}
 f - a scroll of vulnerability {unknown}
 h - a scroll of poison {unknown}
 j - 2 scrolls of teleportation {unknown}
 r - a scroll of enchant weapon {unknown}
 t - 2 scrolls of identify {unknown}
Potions
 g - a potion of haste {unknown}
 k - a potion of magic {unknown}
 l - 2 potions of curing {unknown}
 m - 2 potions of degeneration {unknown}
 o - 2 potions of attraction {unknown}
 v - 3 potions of brilliance {unknown}
 z - a potion of invisibility {unknown}
 A - a potion of ambrosia {unknown}


   Skills:
 + Level 5.4 Fighting
 + Level 4.4 Short Blades
 + Level 3.3 Armour
 + Level 2.8 Dodging
 + Level 1.0 Stealth


You had 4 spell levels left.
You didn't know any spells.
Your spell library contained the following spells:

 Spells                   Type           Power      Damage    Failure   Level
 Beastly Appendage        Tmut           0%         N/A       99%         1
 Freeze                   Ice            0%         1d3       99%         1
 Wereblood                Tmut           0%         N/A       99%         2
 Dazzling Flash           Conj/Hex       0%         N/A       100%        3
 Frozen Ramparts          Ice            0%         1d1       100%        3
 Spider Form              Tmut/Pois      0%         N/A       100%        3
 Hailstorm                Conj/Ice       0%         3d3       100%        4
 Iskenderun's Mystic Bla  Conj/Tloc      0%         2d3       100%        4
 Starburst                Conj/Fire      0%         6d3       100%        6


Dungeon Overview and Level Annotations

Branches:
Dungeon (4/15)
 Temple: D:4-7

Altars:
Vehumet

Shops:
D:1 :


Innate Abilities, Weirdness & Mutations

You have a pair of large horns on your head.
You reflexively headbutt those who attack you in melee.
Armour fits poorly on your strangely shaped body.
You occasionally lose the ability to drink potions when taking damage.


Message History

You hear some strange, mumbled words.
You are confused.
You bump into the rock wall.
An orc wizard appears from thin air!
Reactivating autopickup.
The orc wizard points at you and mumbles some strange words.
The puff of flame hits you!
* * * LOW HITPOINT WARNING * * *
You bump into the rock wall.
The orc wizard gestures wildly while chanting.
The orc wizard flickers and vanishes!
Deactivating autopickup; reactivate with Ctrl-A.
The orc throws a boomerang.
The boomerang closely misses you.
The orc throws a boomerang.
You bump into the rock wall.
You feel less confused. Something hits you but does no damage.
Something hits you but does no damage.
You hit something. Your headbutt misses something.
Something hits you but does no damage.
You barely miss something.
You hear some strange, mumbled words.
A magic dart appears from out of thin air!
The magic dart hits you.
* * * LOW HITPOINT WARNING * * *
You closely miss something. Your headbutt misses something.
You hear some strange, mumbled words.
A magic dart appears from out of thin air!
The magic dart hits you.
* * * LOW HITPOINT WARNING * * *
You completely miss something. Something hits you but does no damage.
You barely miss something. Your headbutt misses something. Something hits you.
* * * LOW HITPOINT WARNING * * *
You miss something. You closely miss something.
Something hits you but does no damage.
You hit something. Something hits you but does no damage.
You miss something.
You hear some strange, mumbled words.
A puff of flame appears from out of thin air!
The puff of flame hits you.
You die...

.. #. ...###.# #.##.
#....... #...o##...#
#..)....#
#....##..###.# #....
#......# #...###
#o###### ### #{# #@#
#.#
#######.############
#.......##.........#
#.####...#.#######.#
##.###...)......# #.#
###...........##..###.#
#......###.#..........#
#<#...........##..#####


You could see an orc.

Vanquished Creatures
  An orc priest (D:4)
  Crazy Yiuf (D:2)
  An orc wizard (D:4)
  4 adders
  A worm (D:3)
  2 dart slugs
  5 orcs
  5 ball pythons
  5 endoplasms
  3 giant cockroaches (D:2)
  9 goblins
  5 hobgoblins
  3 quokkas
  A bat (D:3)
  5 frilled lizards
  5 kobolds
  6 rats
62 creatures vanquished.

Vanquished Creatures (others)
  An orc wizard (D:4)
1 creature vanquished.

Grand Total: 63 creatures vanquished

Notes
Turn   | Place    | Note
-------+----------+-------------------------------------------
     0 | D:1      | RihmastoTheGreat the Minotaur Berserker began the quest for
                  | the Orb.
     0 | D:1      | Reached XP level 1. HP: 19/19 MP: 0/0
   361 | D:1      | Found a faded altar of an unknown god.
   402 | D:1      | Reached skill level 4 in Fighting
   679 | D:1      | Reached XP level 2. HP: 27/27 MP: 1/1
  1334 | D:1      | Found Qomyur's Book Shoppe.
  1816 | D:2      | Reached ** piety under Trog
  2065 | D:2      | Found a runed translucent door.
  2066 | D:2      | Noticed Crazy Yiuf
  2114 | D:2      | Reached XP level 3. HP: 33/34 MP: 2/2
  3105 | D:2      | Killed Crazy Yiuf
  3106 | D:2      | Reached skill level 5 in Fighting
  3106 | D:2      | Reached XP level 4. HP: 17/42 MP: 0/3
  3705 | D:3      | Found a radiant altar of Vehumet.
  4314 | D:3      | Reached skill level 1 in Stealth
  4458 | D:4      | Gained mutation: You occasionally lose the ability to drink
                  | potions when taking damage. [potion of mutation]
  4458 | D:4      | Gained mutation: Armour fits poorly on your strangely
                  | shaped body. [potion of mutation]
  4458 | D:4      | Gained mutation: You have a pair of large horns on your
                  | head. [potion of mutation]
  4482 | D:4      | Reached XP level 5. HP: 37/48 MP: 4/4
  4856 | D:4      | Killed from afar by an orc wizard

Illustrated notes

Levels and vault maps discovered:
D:1:      onia_arrival_handbag, layout_basic, serial_shops, shop,
          hellmonk_ecumenical_altar_zigzags
D:2:      layout_basic, uniq_crazy_yiuf_cottage
D:3:      layout_basic, mainiacjoe_overflow_cross_hatched
D:4:      layout_loops_corners, gammafunk_ghost_necromancy, minmay_pentangle,
          uniq_duvessa

Skill      XL: |  1  2  3  4 |
---------------+-------------+-----
Fighting       | 4 5 |  5.4
Short Blades   | 4 |  4.4
Stealth        | 1 |  1.0
Armour         | 3 |  3.3
Dodging        | |  2.8

Action                   |  1- 3 |  4- 6 || total
-------------------------+-------+-------++-------
Melee: Short sword       |    88 |   113 ||   201
       Headbutt          |    16 |    13 ||    29
       Punch             |     1 |     1 ||     2
  Use: Potion            |       |     1 ||     1
 Stab: Sleeping          |     1 |       ||     1
Armor: Animal skin       |     4 |       ||     4
       Scale mail        |     5 |     3 ||     8
       Chain mail        |       |    48 ||    48
Dodge: Dodged            |    66 |    45 ||   111
